 Dungeon Sprint DCSS version 0.21.1-1-g345015f (webtiles) character file.

0 Psiloshibe the Slasher (level 4, 0/40 HPs)
             Began as a Barachi Berserker on June 10, 2018.
             Was a Follower of Trog.
             Slain by a goblin (2 damage)
             ... in the Dungeon (Sprint VI: "Thunderdome").
             The game lasted 00:00:35 (45 turns).

Psiloshibe the Slasher (Barachi Berserker)            Turns: 45, Time: 00:00:36

Health: 0/40       AC:  2    Str: 19    XL:     4   Next: 20%
Magic:  4/4        EV: 13    Int:  8    God:    Trog [*.....]
Gold:   200        SH:  0    Dex: 11    Spells: 3/3 levels left

rFire    . . .     SeeInvis .   a - +0 falchion
rCold    . . .     Gourm    .   (no shield)
rNeg     . . .     Faith    .   b - +0 animal skin
rPois    .         Spirit   .   (no helmet)
rElec    .         Reflect  .   (no cloak)
rCorr    .         Harm     .   (no gloves)
MR       .....     NoTele   +   (no boots)
Stlth    +.........             (no amulet)
HPRegen  0.13/turn              (no ring)
MPRegen  0.09/turn              (no ring)

@: can't hop, berserk cooldown, slowed, very slow
A: +LOS, swims, slowness 1, strong legs 1
a: Hop, Berserk, Burn Spellbooks, Renounce Religion


You were in the Dungeon.
You worshipped Trog.
Trog was aware of your devotion.
You were not hungry.

You visited 1 branch You collected 200 gold pieces.

Inventory:

Hand Weapons
 a - a +0 falchion (weapon)
Armour
 b - a +0 animal skin (worn)
Wands
 k - a wand of acid (5)
 l - a wand of iceblast (5)
Scrolls
 i - 4 scrolls of blinking
 m - 3 scrolls of fog
Potions
 d - a potion of curing
 e - 4 potions of heal wounds
 f - 4 potions of haste
 g - 2 potions of magic
 h - a potion of berserk rage
 j - a potion of resistance
Comestibles
 c - a ration
 n - 2 chunks of flesh


   Skills:
 + Level 6.2 Fighting
 + Level 6.4 Long Blades
 * Level 3.2 Throwing
 + Level 3.6 Armour
 + Level 3.4 Dodging


You had 3 spell levels left.
You didn't know any spells.

Dungeon Overview and Level Annotations

Branches:
Dungeon (1/1)

Altars:
Cheibriados
Gozag
Kikubaaqudgha
Qazlal
Ru
Sif Muna
Uskayaw
Vehumet
Xom
Yredelemnul
Beogh
Lugonu

Shops:
D *[%?


Innate Abilities, Weirdness & Mutations

Shadows flee at your approach. (+LOS)
You can swim through water.
You cover ground slowly.
You can hop short distances.


Message History

The big kobold hits you.
* * * LOW HITPOINT WARNING * * *
The kobold hits you but does no damage. The big kobold barely misses you.
You riposte.
You hit the big kobold.
The big kobold is severely wounded.
Okay, then.
Okay, then.
Hop to where?
Press: ? - help, Dir - move target cursor Boing!
You hit the kobold.
The kobold is severely wounded.
The kobold hits you but does no damage. x2
You barely miss the goblin. The goblin hits you.
* * * LOW HITPOINT WARNING * * *
The goblin misses you. The big kobold barely misses you.
The goblin completely misses you. The big kobold hits you.
* * * LOW HITPOINT WARNING * * *
The goblin hits you.
You die...

#_......._#
###.........###
#⌠...........⌠#
######.8..... ...8.##
##∩___......# ......
###∩........8.# .8..
##.............###..
#⌠.......Kg.###...#
#⌠........K@# #.<.#
#⌠..........###...#
##....)........###......
###∩........8.# .8....
##∩___......# ......
######.8.........8.##
#⌠...........⌠#
###.........###
#_......._#


You could see a big kobold, a goblin and a kobold.

Vanquished Creatures
  A big kobold (D)
  A goblin (D)
2 creatures vanquished.

Notes
Turn   | Place    | Note
-------+----------+-------------------------------------------
     0 | D        | Psiloshibe the Barachi Berserker began the quest for the Orb.
     0 | D        | Reached XP level 1. HP: 18/18 MP: 1/1
     0 | D        | Found an ancient bone altar of Kikubaaqudgha.
     0 | D        | Found a shimmering altar of Xom.
     3 | D        | Found a radiant altar of Vehumet.
     3 | D        | Found a deep blue altar of Sif Muna.
     3 | D        | Found a hide-covered altar of Uskayaw.
     4 | D        | Found an opulent altar of Gozag.
     5 | D        | Found Mabityil's Identification Station.
     5 | D        | Found a sacrificial altar of Ru.
     5 | D        | Found Ejeuff's Delicious Food.
     5 | D        | Found a roughly hewn altar of Beogh.
     5 | D        | Round 1.
     6 | D        | Found Zinguip's Advanced Armour.
     6 | D        | Found Heplaudgh's Jewellery.
     6 | D        | Found a stormy altar of Qazlal.
     6 | D        | Found a snail-covered altar of Cheibriados.
     6 | D        | Found a basalt altar of Yredelemnul.
     8 | D        | Noticed a big kobold
    16 | D        | Killed a big kobold
    16 | D        | Reached XP level 2. HP: 28/28 MP: 2/2
    16 | D        | Reached XP level 3. HP: 34/34 MP: 3/3
    16 | D        | Reached XP level 4. HP: 40/40 MP: 4/4
    23 | D        | Found a corrupted altar of Lugonu.
    25 | D        | Noticed a big kobold
    44 | D        | HP: 1/40 [big kobold (6)]
    45 | D        | Slain by a goblin

Skill      XL: |  1 |
---------------+----+-----
Fighting       | 6 |  6.2
Long Blades    | 6 |  6.4
Throwing       | 3 |  3.2
Armour         | 3 |  3.6
Dodging        | 3 |  3.4

Action                   |  1- 3 |  4- 6 || total
-------------------------+-------+-------++-------
Melee: Falchion          |     4 |    14 ||    18
Invok: Berserk           |     1 |       ||     1
 Abil: Hop               |       |     1 ||     1
Armor: Animal skin       |       |     5 ||     5
Dodge: Dodged            |     3 |    19 ||    22
       Rpst.: Falchion   |     1 |     6 ||     7
